 Dungeon Crawl Stone Soup version 0.18.1-47-g9310371 (console) character file.

203 Kloppie the Poker (level 5, -1/47 HPs)
             Began as a Minotaur Berserker on June 15, 2016.
             Was a Priest of Trog.
             Slain by a wight
             ... wielding a cursed +3 dagger of freezing
              (4 damage)
             ... on level 4 of the Dungeon.
             The game lasted 00:04:29 (2017 turns).

Kloppie the Poker (Minotaur Berserker)              Turns: 2017, Time: 00:04:30

Health: -1/47      AC:  4    Str: 21    XL:     5   Next: 51%
Magic:  4/4        EV:  6    Int:  4    God:    Trog [***...]
Gold:   129        SH:  0    Dex: 11    Spells: 0 memorised, 4 levels left

rFire  . . .     SeeInvis .     a - +0 spear
rCold  . . .     Gourm    .     y - +0 leather armour (curse)
rNeg   . . .     Faith    .     (no shield)
rPois  .         Spirit   .     (helmet restricted)
rElec  .         Dismiss  .     (no cloak)
rCorr  .         Reflect  .     q - +0 pair of gloves
SustAt .         Harm     .     (no boots)
MR     ++...                    (no amulet)
Stlth  +.........               (no ring)
                                (no ring)

@: regenerating, drained, very resistant to hostile enchantments, very
unstealthy
A: retaliatory headbutt, horns 2
a: Berserk, Trog's Hand, Burn Spellbooks, Renounce Religion


You were on level 4 of the Dungeon.
You worshipped Trog.
Trog was most pleased with you.
You were very hungry.

You visited 1 branch of the dungeon, and saw 4 of its levels.

You collected 129 gold pieces.

Inventory:

Hand Weapons
 a - a +0 spear (weapon)
Armour
 q - a +0 pair of gloves (worn)
 x - a +0 scale mail
 y - a cursed +0 leather armour (worn)
 A - a cursed +0 leather armour
Jewellery
 B - an uncursed amulet of harm {unknown}
Scrolls
 b - a scroll of amnesia {unknown}
 e - a scroll of recharging {unknown}
 f - 4 scrolls of identify {unknown}
 h - a scroll of fog {unknown}
 i - 2 scrolls of remove curse {unknown}
 j - 2 scrolls of blinking {unknown}
 o - 2 scrolls of fear {unknown}
 s - a scroll of teleportation {unknown}
 t - 2 scrolls of random uselessness {unknown}
 u - a scroll of noise {unknown}
Potions
 d - a potion of cancellation {unknown}
 g - 2 potions of heal wounds {unknown}
 k - 2 potions of flight {unknown}
 l - a potion of might {unknown}
 n - a potion of haste {unknown}
 p - 2 potions of curing {unknown}
 r - a potion of cure mutation {unknown}
 v - a potion of brilliance {unknown}
Books
 z - a book of Minor Magic

   Spells                             Type                      Level
   a - Magic Dart                     Conjuration                  1
   b - Blink                          Translocation                2
   c - Call Imp                       Summoning                    2
   d - Repel Missiles                 Charms/Air                   2
   e - Slow                           Hexes                        2
   f - Conjure Flame                  Conjuration/Fire             3
   g - Mephitic Cloud                 Conjuration/Poison/Air       3
   Trog disapproves of the use of such an item.
Comestibles
 c - 3 bread rations
 m - a meat ration


   Skills:
 + Level 4.8(4.3) Fighting
 * Level 5.6(5.0) Polearms
 + Level 4.4(3.9) Armour
 - Level 2.1(1.6) Dodging


You had 4 spell levels left.
You didn't know any spells.

Dungeon Overview and Level Annotations

Branches:
Dungeon (4/15)
 Temple: D:4-7

Altars:


Innate Abilities, Weirdness & Mutations

You reflexively headbutt those who attack you in melee.
You have a pair of horns on your head.


Message History

The wight is moderately damaged.
The gnoll barely misses you. The wight hits you but does no damage.
You hit the wight but do no damage.
The wight is moderately damaged.
The gnoll hits you from afar with a spear.
* * * LOW HITPOINT WARNING * * *
You feel less exhausted.
A phantom comes into view.
Found a stone staircase leading up.
The phantom blinks!
The phantom hits you.
* * * LOW HITPOINT WARNING * * *
The phantom blinks!
The wight hits you but does no damage.
You feel the effects of Trog's Hand fading.
There is a stone staircase leading up here.
The phantom hits you!
* * * LOW HITPOINT WARNING * * *
The phantom blinks!
The wight hits you with a dagger of freezing.
You die...

..............
.#+####.............
#....##.....#..<....
#....+......#g......
#...W#......#....##.
#....#......#....#
#....#......#....###
#....#..............
#..@.#...#'#####.$..
##..§z#...#..........
#....zg...#)##...##..
#.........#z##...# ..
#.........#......## .
#.........##......#
#...................
#.##...........$....
#. #..........###...


You could see a phantom, 2 wights and a gnoll.

Vanquished Creatures
  A wight (D:3)
  A gnoll (D:4)
  5 adders
  An ooze (D:1)
  4 worms
  2 dart slugs (D:1)
  9 orcs (D:3)
  8 bats
  2 giant cockroaches (D:1)
  6 goblins
  9 hobgoblins
  5 jackals (D:1)
  2 quokkas (D:2)
  2 ball pythons (D:2)
  9 kobolds
  9 rats
75 creatures vanquished.

Notes
Turn   | Place    | Note
--------------------------------------------------------------
     0 | D:1      | Kloppie the Minotaur Berserker began the quest for the Orb.
     0 | D:1      | Reached XP level 1. HP: 19/19 MP: 0/0
   129 | D:1      | Reached XP level 2. HP: 26/27 MP: 1/1
   156 | D:1      | Reached skill level 4 in Polearms
   396 | D:1      | Reached ** piety under Trog
   608 | D:1      | Reached XP level 3. HP: 25/33 MP: 2/2
  1167 | D:2      | Reached XP level 4. HP: 40/40 MP: 3/3
  1266 | D:2      | Reached *** piety under Trog
  1746 | D:3      | Reached skill level 5 in Polearms
  1881 | D:3      | Reached XP level 5. HP: 39/47 MP: 4/4
  1985 | D:4      | HP: 1/47 [wight/dagger of freezing (3)]
  2004 | D:4      | HP: 2/47 [gnoll/spear (6)]
  2007 | D:4      | Noticed a phantom
  2017 | D:4      | Slain by a wight

Skill      XL: |  1  2  3  4 |
---------------+-------------+-----
Polearms       | 4 5 |  5.6
Armour         | 3 4 |  4.4
Fighting       | 4 |  4.8
Dodging        | |  2.1

Action                   |  1- 3 |  4- 6 || total
-------------------------+-------+-------++-------
Melee: Spear             |   138 |   106 ||   244
       Headbutt          |    15 |    19 ||    34
Invok: Trog's Hand       |       |     2 ||     2
       Berserk           |       |     1 ||     1
 Stab: Distracted        |     1 |       ||     1
  Eat: Chunk             |     1 |     3 ||     4
Armor: Leather armour    |    11 |     5 ||    16
       Ring mail         |    11 |    19 ||    30
       Scale mail        |       |     2 ||     2
Dodge: Dodged            |    63 |    46 ||   109
